 Dungeon Crawl Stone Soup version 0.30-a0-591-g3c58d2bc28 (webtiles) character file.

Game seed: 571391723558016343

216 wormed the Changer (level 5, -2/33 HPs)
             Began as an Octopode Transmuter on Jan 4, 2023.
             Killed from afar by an orc wizard (7 damage)
             ... with a puff of flame
             ... on level 4 of the Dungeon.
             The game lasted 00:05:03 (3801 turns).

wormed the Changer (Octopode Transmuter)            Turns: 3801, Time: 00:05:04

Health: -2/33      AC:  1    Str:  9    XL:     5   Next: 93%
Magic:  0/10       EV: 13    Int: 17    God:
Gold:   162        SH:  0    Dex: 13    Spells: 4/11 levels left

rFire   . . .      SeeInvis .      - Unarmed
rCold   . . .      Faith    .    (no shield)
rNeg    . . .      Spirit   +    (helmet restricted)
rPois   .          Reflect  .    d - amulet of guardian spirit
rElec   .          Harm     .    (no ring)
rCorr   .          Rampage  .    (no ring)
Will    .....                    (no ring)
Stlth   ++                       (no ring)
HPRegen 0.25/turn                (no ring)
MPRegen 0.12/turn                (no ring)
                                 (no ring)
                                 (no ring)

@: wereblooded
A: almost no armour, amphibious, 8 rings, camouflage 1, gelatinous body 1,
(nimble swimmer 1), tentacles
a: no special abilities


You were on level 4 of the Dungeon.
You visited 1 branch of the dungeon, and saw 4 of its levels.

You collected 162 gold pieces.

Inventory:

Jewellery
 d - an amulet of guardian spirit (around mantle)
Scrolls
 g - 3 scrolls of identify
 m - a scroll of teleportation
Potions
 a - a potion of resistance
 b - a potion of mutation
 c - 2 potions of attraction
 e - 2 potions of haste {unknown}
 h - a potion of brilliance {unknown}
 i - a potion of ambrosia {unknown}
 j - 3 potions of lignification
 n - a potion of degeneration {unknown}


   Skills:
 - Level 1.0 Fighting
 - Level 2.0 Dodging
 - Level 3.0 Unarmed Combat
 + Level 3.5 Spellcasting
 + Level 3.8 Transmutations
 + Level 2.9 Ice Magic


You had 4 spell levels left.
You knew the following spells:

 Your Spells              Type           Power      Damage    Failure   Level
a - Beastly Appendage     Tmut           30%        N/A       3%          1
b - Wereblood             Tmut           15%        N/A       5%          2
c - Ice Form              Ice/Tmut       14%        N/A       38%         4

Your spell library contained the following spells:

 Spells                   Type           Power      Damage    Failure   Level
 Spider Form              Tmut/Pois      9%         N/A       22%         3
 Static Discharge         Conj/Air       4%         2-3/arc   26%         2
 Vhi's Electric Charge    Tloc/Air       4%         N/A       45%         3
 Alistair's Intoxication  Tmut/Pois      6%         N/A       91%         5
 Arcjolt                  Conj/Air       1%         1d11      99%         5
 Borgnjor's Vile Clutch   Necr/Erth      1%         N/A       99%         5
 Lightning Bolt           Conj/Air       1%         1d12      99%         5
 Eringya's Noxious Bog    Tmut/Pois      4%         N/A       100%        6


Dungeon Overview and Level Annotations

Branches:
Dungeon (4/15)
 Temple: D:4-7

Altars:

Annotations:
D:3 Grinder


Innate Abilities, Weirdness & Mutations

You cannot wear most types of armour.
You are amphibious.
You can wear up to eight rings at the same time.
Your skin changes colour to match your surroundings (Stealth+).
Your rubbery body absorbs attacks. (AC +1, EV +1)
((You are camouflaged when in or above water. (Stealth+)))
You have tentacles for arms and can constrict up to eight enemies at once.


Message History

You tentacle-slap the scorpion but do no damage.
Your tentacle spike misses the scorpion.
Your squeeze misses the scorpion.
The scorpion is moderately wounded.
The scorpion stings you.
You are poisoned.
The scorpion poisons you!
You're too confused to move!
Your transformation is almost over.
You feel less confused.
You feel very sick.
The orc wizard gestures wildly while chanting.
The orc wizard flickers and vanishes!
Deactivating autopickup; reactivate with Ctrl-A.
The orc wizard barely misses you. The scorpion barely misses you.
The orc attacks as you move away! The orc hits you with a +0 club.
You feel sick. The scorpion stings you. The orc attacks as you move away!
The orc hits you but does no damage.
You feel sick.
You feel sick. The scorpion stings you!
You feel sick.
The orc priest calls upon Beogh to heal the orc wizard.
It was a potion of curing.
You feel better.
The orc wizard hits you with a +0 dagger.
The scorpion closely misses you. The scorpion attacks as you move away!
The scorpion misses you. Something hits you. The scorpion closely misses you.
The scorpion attacks as you move away! The scorpion stings you.
The orc hits you with a +0 club. The orc attacks as you move away!
The orc misses you.
Your tentacle spike disappears.
There is a stone staircase leading down here.
The orc priest calls down the wrath of Beogh upon you.
Beogh smites you!
* * * LOW HITPOINT WARNING * * *
You feel better. The orc hits you with a +0 club.
* * * LOW HITPOINT WARNING * * *
You hear some strange, mumbled words.
A puff of flame appears from out of thin air!
The puff of flame hits you!
You die...

####...###..
#..........###### .
#.......#.......#...<.
#......##.......(./...
#...)).........#........
##.............#.......#
#..)#............#.....
##..#.o...##.....#.....
#.<)..@>{oo...........
###....os............
##.....J.......###
#.....#.#........#
#......#.##.......#
#.........##......#
#..............#...#
#..............#.#...#
##..............##.....


You could see a scorpion, an orc priest, an orc wizard, 2 orcs and an endoplasm.

Vanquished Creatures
  A hound (D:3)
  An orc priest (D:4)
  A gnoll (D:1)
  7 adders
  An ufetubus (D:4)
  3 worms
  A dart slug (D:3)
  5 orcs
  2 ball pythons
  2 bats
  5 endoplasms
  4 giant cockroaches (D:1)
  5 goblins
  3 hobgoblins
  6 jackals
  4 kobolds
  4 quokkas
  5 frilled lizards (D:2)
  3 rats
63 creatures vanquished.

Notes
Turn   | Place    | Note
-------+----------+-------------------------------------------
     0 | D:1      | wormed the Octopode Transmuter began the quest for the Orb.
     0 | D:1      | Reached XP level 1. HP: 13/13 MP: 3/3
   182 | D:1      | Reached XP level 2. HP: 8/18 MP: 3/5
   205 | D:1      | Reached skill level 1 in Ice Magic
   386 | D:1      | Learned a level 2 spell: Wereblood
   438 | D:1      | Reached XP level 3. HP: 17/23 MP: 1/6
  1105 | D:2      | Reached XP level 4. HP: 21/28 MP: 4/8
  1660 | D:2      | Found a faded altar of an unknown god.
  2381 | D:3      | Noticed Grinder
  2382 | D:3      | Reached XP level 5. HP: 33/33 MP: 5/9
  2678 | D:2      | Learned a level 4 spell: Ice Form
  2809 | D:3      | Identified the +0 cloak "Ynuugad" {Rampage rPois Will-
                  | rCorr}
  3800 | D:4      | HP: 1/33 [orc priest/divine providence (13)]
  3801 | D:4      | Killed from afar by an orc wizard

Illustrated notes

Levels and vault maps discovered:
D:1:      saegor_arrival_under_anarchy, layout_loops_ring,
          nicolae_kite_square_tiling_tiny
D:2:      layout_loops_cross, shapermc_ecumenical_altar_ellora, minivault_5
D:3:      layout_basic, uniq_grinder
D:4:      layout_cave_pools, nemelex_spade_bored_becter,
          ebering_ghost_disaster_area

Skill      XL: |  1  2  3  4 |
---------------+-------------+-----
Ice Magic      | 1 2 |  2.9
Transmutations | 3 |  3.8
Spellcasting   | 3 |  3.5
Fighting       | |  1.0
Dodging        | |  2.0
Unarmed Combat | |  3.0

Action                   |  1- 3 |  4- 6 || total
-------------------------+-------+-------++-------
Melee: Unarmed           |    65 |    89 ||   154
       Constrict         |    16 |    21 ||    37
       Tentacles         |     9 |    20 ||    29
       Kick              |    13 |    29 ||    42
       Punch             |     2 |     5 ||     7
 Cast: Beastly Appendage |    13 |    23 ||    36
       Wereblood         |     8 |    21 ||    29
       Ice Form          |       |     1 ||     1
  Use: Potion            |     1 |     2 ||     3
       Scroll            |     4 |     5 ||     9
 Stab: Sleeping          |     2 |     2 ||     4
Armor: Skin              |    15 |     7 ||    22
Dodge: Dodged            |    35 |    52 ||    87

Table legend: (Time is in decaauts)
 A = Elapsed time spent in this place.
 B = Non-inter-level travel time spent in this place.
 C = Inter-level travel time spent in this place.
 D = Time resting spent in this place.
 E = Time spent auto-exploring this place.
 F = Levels seen in this place.
 G = Mean time per level.
                   A        B        C        D        E       F      G
               +--------+--------+--------+--------+--------+-----+--------+
         Total |   3794 |   3629 |    165 |    498 |   2541 |   4 |  948.5 |
       Dungeon |   3794 |   3629 |    165 |    498 |   2541 |   4 |  948.5 |
               +--------+--------+--------+--------+--------+-----+--------+

Top non-repeatable levels by time:
     D:2: 1435 daAuts
     D:1: 1148 daAuts
     D:3: 1060 daAuts
     D:4: 149 daAuts
